[Event "*** Titled Tuesday Blitz"]
[Site "Chess.com"]
[Date "2020.04.07"]
[Round "2"]
[White "dragos420"]
[Black "pirulillo"]
[Result "1-0"]
[WhiteElo "2520"]
[BlackElo "2166"]
[TimeControl "180+1"]
[EndTime "13:18:59 PDT"]
[Termination "dragos420 won by resignation"]

1. e4 c5 2. Nf3 e6 3. d4 cxd4 4. Nxd4 Nf6 5. Nc3 Nc6 6. Ndb5 d6 7. Bf4 e5 8. Bg5 a6 9. Na3 b5 10. Nd5 Be7 11. Bxf6 Bxf6 12. c3 O-O 13. Nc2 Bg5 14. h4 Bh6 15. a4 bxa4 16. Rxa4 a5 17. Bb5 Ne7 18. Nxe7+ Qxe7 19. Bc6 Ra7 20. Bd5 Be6 21. g3 Kh8 22. O-O f5 23. b4 Bxd5 24. Qxd5 axb4 25. Rxa7 Qxa7 26. Qxd6 Qa8 27. Nxb4 fxe4 28. Qxe5 Re8 29. Qd5 Qc8 30. Nc6 Qh3 31. Qf7 Rc8 32. Ne7 Ra8 33. Qd5 Re8 34. Qxe4 Qd7 35. Re1 Bd2 36. Ng6+ hxg6 37. Qxe8+ Qxe8 38. Rxe8+ Kh7 39. c4 Bb4 40. Rc8 1-0

[Event "*** Titled Tuesday Blitz"]
[Site "Chess.com"]
[Date "2020.04.07"]
[Round "2"]
[White "ENEASZ"]
[Black "JonahWillow"]
[Result "0-1"]
[WhiteElo "2521"]
[BlackElo "2776"]
[TimeControl "180+1"]
[EndTime "13:19:00 PDT"]
[Termination "JonahWillow won on time"]

1. e4 c5 2. c3 Nf6 3. e5 Nd5 4.
d4 cxd4 5. cxd4 g6 6. Bc4 Nb6 7. Bb3 Bg7 8. Nf3 O-O 9. O-O d6 10. Nc3 Nc6 11. exd6 Qxd6 12. Nb5 Qd8 13. Bf4 Bg4 14.
h3 Bxf3 15. Qxf3 Nxd4 16. Nxd4 Qxd4 17. Rad1 Qf6 18. Qg3 e5 19. Bg5 Qc6 20. Rc1 Qe4 21. Rfe1 Qf5 22. Be7 Rfe8 23. Bc5 Nd7 24. Ba3 Rac8 25.
Rcd1 Nf6 26. Qe3 b6 27. Qe2 Qg5 28. Rd3 Nh5 29. Rf3 Nf4 30. Qf1 e4 31. Rfe3 Nd3 32.
Rd1 Ne5 33. Rd5 Rcd8 34. Kh1 Rxd5 35. Bxd5 Rd8 36. Bxe4 Qf4 37. Qe1 Nc4 38. Rf3 Qe5 0-1

[Event "*** Titled Tuesday Blitz"]
[Site "Chess.com"]
[Date "2020.04.07"]
[Round "2"]
[White "2nd_life"]
[Black "j2806"]
[Result "1-0"]
[WhiteElo "2402"]
[BlackElo "2002"]
[TimeControl "180+1"]
[EndTime "13:19:00 PDT"]
[Termination "2nd_life won by resignation"]

1. e4 c5 2. Nf3 d6 3. d4 cxd4 4.
Nxd4 Nf6 5. Nc3 a6 6. Be3 e5 7.
Nb3 Be6 8. Qd2 Be7 9. f3 Nbd7 10.
O-O-O b5 11. g4 b4 12. Nd5 Bxd5 13. exd5 a5 14. Kb1 O-O 15. g5 Nh5 16. Bb5 Nf4 17.
Bxf4 exf4 18. Bxd7 Qxd7 19. Qxf4 a4 20. Nd4 Rfb8 21. Nc6 Rb7 22. h4 b3 23. cxb3 axb3 24. a3 Bf8 25. h5 Rb6 26. g6 h6 27. Rhe1 Re8 28. Rxe8 Qxe8 29. gxf7+ Qxf7 30. Qxf7+ Kxf7 31. a4 g6 32. a5 Ra6 33. Rd3 gxh5 34. Rxb3 h4 35. f4 Bg7 36. Rh3 Bf6 37. b4 Ke8 38. b5 Ra8 39. b6 Kd7 40. b7 Re8 41. b8=Q Rxb8+ 42. Nxb8+ Kc7 43. Nc6 Kb7 44. Rb3+ Kc7 45. a6 Kd7 46. a7 h3 47. Rb7+ Ke8 48. a8=Q+ 1-0

[Event "*** Titled Tuesday Blitz"]
[Site "Chess.com"]
[Date "2020.04.07"]
[Round "2"]
[White "Playgood28"]
[Black "viggi38"]
[Result "0-1"]
[WhiteElo "2246"]
[BlackElo "2480"]
[TimeControl "180+1"]
[EndTime "13:19:01 PDT"]
[Termination "viggi38 won on time"]

1. d4 e6 2. e4 d5 3. Nd2 Nc6 4. c3 e5 5. exd5 Qxd5 6. Ngf3 exd4 7. Bc4 Qd8 8. O-O Be7 9. Qb3 Nh6 10. Ne4 Na5 11. Qa4+ c6 12. Bxh6 gxh6 13. Rfe1 b5 14. Bxb5 cxb5 15. Qxb5+ Kf8 16. Rad1 Bd7 17. Qh5 Qb6 18.
Ne5 Be8 19. Rxd4 Rg8 20. Nd6 Bxd6 21. Qxh6+ Rg7 22. Rxd6 Qxb2 23. Rd3 Qb6 24. Qf4 Nc6 25. Rg3 Nxe5 26. Qxe5 Rxg3 27. hxg3 f6 28. Qf4 Bg6 29. Qh6+ Kf7 30. g4 Qc5 31. Qd2 Qc6 0-1

[Event "*** Titled Tuesday Blitz"]
[Site "Chess.com"]
[Date "2020.04.07"]
[Round "2"]
[White "chito89"]
[Black "nochewycandy"]
[Result "1-0"]
[WhiteElo "2782"]
[BlackElo "2523"]
[TimeControl "180+1"]
[EndTime "13:19:04 PDT"]
[Termination "chito89 won by checkmate"]

1. d4 g6 2. e4 Bg7 3. Nc3 d6 4. Bg5 a6 5. Qd2 b5 6. a4 b4 7.
Nd5 a5 8. c3 bxc3 9. bxc3 c6 10. Ne3 Nf6 11. Bd3 O-O 12. Ne2 Ba6 13. O-O Bxd3 14.
Qxd3 Nbd7 15. f4 d5 16. e5 Ne4 17. Bh4 f5 18. c4 Nb6 19. c5 Nd7 20. Rfb1 Re8 21.
Nc3 Nb8 22. Nxe4 fxe4 23. Qe2 Qd7 24. g4 e6 25. Rb6 Rf8 26. Rab1 Qc8 27. f5 exf5 28.
gxf5 gxf5 29. Qh5 f4 30. Ng4 Rf5 31. Bg5 Nd7 32. Rb7 Nf8 33. Nf6+ Kh8 34. Qf7 Rxg5+ 35.
Kh1 Qh3 36. Qg8# 1-0

[Event "*** Titled Tuesday Blitz"]
[Site "Chess.com"]
[Date "2020.04.07"]
[Round "2"]
[White "marcodobrikov"]
[Black "dennisodessa"]
[Result "1-0"]
[WhiteElo "2483"]
[BlackElo "2246"]
[TimeControl "180+1"]
[EndTime "13:19:05 PDT"]
[Termination "marcodobrikov won by resignation"]

1. e4 e6 2. d4 d5 3. Nc3 Nc6 4. Nf3 Nf6 5. Bg5 Be7 6. Bb5 Nxe4 7. Nxe4 dxe4 8. Bxc6+ bxc6 9. Bxe7 Qxe7 10. Nd2 Qb4 11. Qg4 Qxd4 12. c3 Qe5 13. Nc4 Qf6 14. Qxe4 O-O 15.
Qxc6 Rb8 16. O-O Bb7 17. Qxc7 Rfc8 18. Qg3 Bd5 19. Nd6 Rd8 20. c4 e5 21. c5 Rxb2 22.
Rac1 h6 23. Rfd1 Bc6 24. Nc4 Rxd1+ 25. Rxd1 Rxa2 26. Nxe5 Be4 27. f3 Bf5 28. c6 Rc2 29. Nd7 Qe7 30. Qb8+ Kh7 31. Nf8+ Kg8 32. Ng6+ Kh7 33.
Nxe7 1-0

[Event "*** Titled Tuesday Blitz"]
[Site "Chess.com"]
[Date "2020.04.07"]
[Round "2"]
[White "imdarealist"]
[Black "medalja"]
[Result "1-0"]
[WhiteElo "2224"]
[BlackElo "2445"]
[TimeControl "180+1"]
[EndTime "13:19:05 PDT"]
[Termination "imdarealist won by checkmate"]

1. d4 Nf6 2. Bf4 d5 3. e3 e6 4. c3 Bd6 5. Bg3 O-O 6. Nd2 b6 7. Bd3 c5 8. Ngf3 Qc7 9. e4 dxe4 10.
Nxe4 Nxe4 11. Bxe4 Nc6 12. dxc5 Bxg3 13. hxg3 f5 14.
cxb6 axb6 15. Bxc6 Qxc6 16. Qb3 Rd8 17. O-O Ba6 18. Nd4 Qd5 19. Rfe1 Bc4 20. Qxb6 Rdb8 21. Qc7 Rb7 22. Qe5 Rxb2 23. a4 Qxe5 24. Rxe5 Kf7 25.
a5 Ra6 26. g4 g6 27. gxf5 exf5 28. Rae1 Kf6 29. f3 h5 30. f4 h4 31. Nf3 h3 32.
gxh3 Kg7 33. Ng5 Ra7 34. Re7+ Rxe7 35. Rxe7+ Kf8 36. Rc7 Bd5 37. a6 Rb1+ 38. Kf2 Ra1 39. a7 Ra2+ 40. Ke3 Bg2 41. Kd4 Ke8 42. Ke5 Kd8 43.
Ne6+ Ke8 44. Kf6 Ra6 45. Re7# 1-0

[Event "*** Titled Tuesday Blitz"]
[Site "Chess.com"]
[Date "2020.04.07"]
[Round "2"]
[White "Man-Chuk"]
[Black "Cukiero"]
[Result "1-0"]
[WhiteElo "2774"]
[BlackElo "2519"]
[TimeControl "180+1"]
[EndTime "13:19:06 PDT"]
[Termination "Man-Chuk won by resignation"]

1. d4 Nf6 2. c4 e6 3. Nf3 b6 4. g3 Bb7 5. Bg2 c5 6. d5 exd5 7.
Nh4 Nc6 8. cxd5 Nb4 9. Nc3 d6 10. O-O g6 11. Bf4 Nh5 12. Bd2 Be7 13. a3 Na6 14. Nf3 O-O 15. e4 Bf6 16. g4 Ng7 17.
Bf4 Re8 18. Re1 Nc7 19. h3 b5 20. Rc1 a5 21. e5 dxe5 22. Bxe5 b4 23. Bxf6 Qxf6 24.
Ne4 Qxb2 25. Rc2 Qxa3 26. Nf6+ Kh8 27. Nxe8 Ncxe8 28. d6 Rd8 29. d7 Nf6 30. Ne5 Bxg2 31. Kxg2 Kg8 32. Rxc5 Qa2 33. Rc8 Ne6 34. Nc6 Ne4 35. Rxe4 1-0

[Event "*** Titled Tuesday Blitz"]
[Site "Chess.com"]
[Date "2020.04.07"]
[Round "2"]
[White "ama18"]
[Black "Sadikhov_Ulvi"]
[Result "1-0"]
[WhiteElo "2461"]
[BlackElo "2710"]
[TimeControl "180+1"]
[EndTime "13:19:06 PDT"]
[Termination "ama18 won by resignation"]

1. e4 c5 2. Nf3 Nc6 3. d4 cxd4 4.
Nxd4 Qb6 5. Nb3 Nf6 6. Nc3 e6 7. Be3 Qc7 8. g3 Bb4 9. Bg2 Ne5 10. O-O Nc4 11. Qd4 Nxe3 12. Qxb4 Nxf1 13. Nb5 Qb6 14. a4 d6 15. a5 Qc6 16. Nxd6+ Kd7 17. Nc5+ Kxd6 18.
e5+ Ke7 19. Bxc6 bxc6 20. Ne4+ Ke8 21. Nd6+ Kd7 22. exf6 gxf6 23. Rxf1 Ba6 24. Rd1 Kc7 25. Nxf7 Rae8 26. Nxh8 1-0

[Event "*** Titled Tuesday Blitz"]
[Site "Chess.com"]
[Date "2020.04.07"]
[Round "2"]
[White "Misticpikachu"]
[Black "Dinamo81"]
[Result "1/2-1/2"]
[WhiteElo "2229"]
[BlackElo "2583"]
[TimeControl "180+1"]
[EndTime "13:19:07 PDT"]
[Termination "Game drawn by repetition"]

1. c4 e6 2. Nf3 d5 3. e3 Nf6 4.
Nc3 c5 5. cxd5 exd5 6. d4 a6 7. Be2 Nc6 8. O-O Bg4 9. b3 cxd4 10. Nxd4 Bxe2 11. Ncxe2 Qd7 12. Nxc6 bxc6 13. Bb2 Be7 14. Rc1 O-O 15. Nd4 c5 16. Nf3 Ne4 17. Ne5 Qe6 18. Nd3 Rfd8 19. Nf4 Qf5 20. Qh5 Qxh5 21.
Nxh5 g6 22. Ng3 Nxg3 23. hxg3 Rac8 24. Rfd1 c4 25. bxc4 dxc4 26. Rxd8+ Bxd8 27. Kf1 f5 28. Ke2 Kf7 29. Bd4 Ke6 30. Rb1 Ba5 31. Kd1 Rc7 32.
Kc2 Kd5 33. Bb6 Bxb6 34. Rxb6 Rc6 35. Rb7 h5 36. Kc3 Ke5 37. Rb4 Kd5 38. Ra4 Ke5 39.
Ra5+ Ke4 40. Ra4 Kd5 41. Ra5+ Ke4 42. Ra4 Kd5 43. Ra5+ Ke4 1/2-1/2

[Event "*** Titled Tuesday Blitz"]
[Site "Chess.com"]
[Date "2020.04.07"]
[Round "2"]
[White "Rodalquilar"]
[Black "jamengrand"]
[Result "1/2-1/2"]
[WhiteElo "2628"]
[BlackElo "2163"]
[TimeControl "180+1"]
[EndTime "13:19:07 PDT"]
[Termination "Game drawn by stalemate"]

1. d4 d5 2. Bf4 Nf6 3. e3 e6 4. Nf3 Bd6 5. Bg3 O-O 6. c4 dxc4 7. Bxc4 b6 8. Nc3 Bb7 9. Qc2 a6 10. O-O-O Nbd7 11. e4 b5 12. Bd3 b4 13. Na4 Bxg3 14. hxg3 g6 15. Ng5 e5 16. f4 h6 17. dxe5 hxg5 18. exf6 Qxf6 19. e5 Qe7 20. Bxg6 Rad8 21. Rh7 Nxe5 22. Rxd8 Rxd8 23. fxe5 Qxe5 24. Bxf7+ Kf8 25.
Qc5+ Qxc5+ 26. Nxc5 Bc8 27. Rh8+ Ke7 28. Rxd8 Kxd8 29.
Be6 a5 30. Kd2 c6 31. Ke3 Kc7 32. Kd4 Bxe6 33. Nxe6+ Kd6 34. Nxg5 c5+ 35. Kc4 Kc6 36. Ne4 a4 37. Nxc5 Kb6 38. Nxa4+ Ka5 39. Nc5 b3 40. Nxb3+ Ka4 41. g4 1/2-1/2

[Event "*** Titled Tuesday Blitz"]
[Site "Chess.com"]
[Date "2020.04.07"]
[Round "2"]
[White "JakeCarlosBanawa"]
[Black "Sneakiest_Of_Snakes"]
[Result "1-0"]
[WhiteElo "2428"]
[BlackElo "2123"]
[TimeControl "180+1"]
[EndTime "13:19:07 PDT"]
[Termination "JakeCarlosBanawa won by resignation"]

1. d4 Nf6 2. c4 g6 3. Nc3 Bg7 4. e4 d6 5. Nf3 O-O 6. Be2 e5 7. O-O Nc6 8. d5 Ne7 9. Ne1 Nd7 10. Be3 f5 11. f3 f4 12. Bf2 g5 13. Rc1 Ng6 14. Nd3 Nf6 15. c5 Rf7 16. a4 Bf8 17.
cxd6 cxd6 18. Nb5 g4 19. Kh1 g3 20. Bg1 Nh4 21. Rxc8 Qxc8 22. Nxa7 Rxa7 23. Bxa7 Rg7 24. h3 Rg6 25. Qd2 Rh6 26. Rc1 Qd7 27. Bf1 Rh5 28. b3 Bh6 29. Qc2 Bf8 30. Qc8 Qg7 31. Qe6+ Kh8 32.
Rc8 Rh6 33. Qxd6 Nd7 34. Rxf8+ Nxf8 35. Qxe5 Qxe5 36. Nxe5 Kg7 37. Bd4 Kg8 38. Nd3 Ra6 39. Nxf4 Rd6 40. e5 Rd8 41. d6 Nhg6 42. Bc4+ Kg7 43.
Nh5+ Kh6 44. Nxg3 Nf4 45. Be3 1-0

[Event "*** Titled Tuesday Blitz"]
[Site "Chess.com"]
[Date "2020.04.07"]
[Round "2"]
[White "praveenb2002"]
[Black "Sam_ChessMood"]
[Result "0-1"]
[WhiteElo "2590"]
[BlackElo "2916"]
[TimeControl "180+1"]
[EndTime "13:19:08 PDT"]
[Termination "Sam_ChessMood won by resignation"]

1. d4 Nf6 2. c4 e6 3. Nf3 d5 4. Nc3 Be7 5. Bf4 O-O 6. e3 c5 7. dxc5 Bxc5 8. cxd5 Nxd5 9. Nxd5 exd5 10. a3 Nc6 11. Bd3 Bb6 12. O-O Qf6 13. Qc2 h6 14. h3 d4 15. Rfe1 dxe3 16. Bxe3 Bxh3 17. Bxb6 axb6 18. Be4 Be6 19. Rac1 Rac8 20. Qb1 Rfd8 21. Rc3 g5 22. Qc1 g4 23. Nd2 Ne5 24. Nf1 Rxc3 25. Qxc3 Kg7 26. Qb4 h5 27. Qxb6 h4 28. Qxb7 h3 29.
Ng3 Rh8 30. gxh3 gxh3 31. Rf1 h2+ 32. Kh1 Bh3 33. Bg2 Ng4 34. Bxh3 Nxf2+ 35. Kg2 Rxh3 36. Rxf2 Qh4 37. Nf5+ Kg8 38. Qb8+ Kh7 39. Rf1 Qg4+ 40. Kh1 Qe4+ 0-1

[Event "*** Titled Tuesday Blitz"]
[Site "Chess.com"]
[Date "2020.04.07"]
[Round "2"]
[White "Alexander_Donchenko"]
[Black "ShahMatKanal"]
[Result "0-1"]
[WhiteElo "2851"]
[BlackElo "2591"]
[TimeControl "180+1"]
[EndTime "13:19:08 PDT"]
[Termination "ShahMatKanal won on time"]

1. c4 c6 2. g3 d5 3. Nf3 Bg4 4. Bg2 Bxf3 5. Bxf3 e6 6. Qb3 Qb6 7. d3 Nd7 8. Nc3 Ngf6 9. O-O Bd6 10. Be3 dxc4 11. dxc4 Qc7 12. Rfd1 Ne5 13. Bg2 Neg4 14. Bd2 h5 15. Be1 h4 16. h3 hxg3 17. hxg4 gxf2+ 18. Bxf2 O-O-O 19. Bf3 Bg3 20. Rxd8+ Kxd8 21. Bxa7 Bh2+ 22. Kf1 Kc8 23. Bf2 Qf4 24. Rd1 Nxg4 25. Rd7 Kxd7 26.
Qxb7+ Kd8 27. Qa8+ Ke7 28. Qxh8 Nxf2 0-1

[Event "*** Titled Tuesday Blitz"]
[Site "Chess.com"]
[Date "2020.04.07"]
[Round "2"]
[White "ShadyH9"]
[Black "AminMolaei"]
[Result "0-1"]
[WhiteElo "2289"]
[BlackElo "2521"]
[TimeControl "180+1"]
[EndTime "13:19:08 PDT"]
[Termination "AminMolaei won on time"]

1. e4 e5 2. Nf3 Nc6 3. Bb5 Nf6 4.
d3 Bd6 5. c3 O-O 6. O-O a6 7. Ba4 Re8 8. Re1 b5 9. Bc2 Bf8 10.
Nbd2 d5 11. h3 Bb7 12. Nf1 dxe4 13. dxe4 Qxd1 14. Rxd1 Na5 15. Ng3 Nc4 16. b3 Nd6 17.
Re1 Rad8 18. Bg5 Rd7 19. Bxf6 gxf6 20. Nh4 Red8 21. Rad1 c5 22. Nhf5 Nxf5 23. exf5 b4 24. Rxd7 Rxd7 25. Be4 Be7 26. Bxb7 Rxb7 27. Rd1 bxc3 28.
Rc1 Rd7 29. Rxc3 Rd1+ 30. Kh2 Rd2 31. Ne4 Rxa2 32. f3 Ra5 33. Rd3 Rb5 34. Kg3 Kf8 35. Kf2 a5 36. Ke3 Rb4 37. Rc3 Kg7 38. Kd3 a4 39. bxa4 Rxa4 40. Nxc5 Ra2 41. g4 Bxc5 42.
Rxc5 Rh2 43. Ke4 Rxh3 44. Rc8 Rh4 45. Ke3 h5 46. gxh5 Rf4 0-1

[Event "*** Titled Tuesday Blitz"]
[Site "Chess.com"]
[Date "2020.04.07"]
[Round "2"]
[White "tufferguy"]
[Black "MixMasterChess"]
[Result "1-0"]
[WhiteElo "2412"]
[BlackElo "2105"]
[TimeControl "180+1"]
[EndTime "13:19:08 PDT"]
[Termination "tufferguy won by checkmate"]

1. e4 e6 2. d4 d5 3. Nc3 Bb4 4. e5 Ne7 5. a3 Bxc3+ 6. bxc3 c5 7. a4 Qa5 8. Bb5+ Bd7 9. Bd2 a6 10. Bd3 Nbc6 11. Qg4 c4 12. Be2 Nf5 13. Nf3 O-O-O 14. O-O Rdg8 15. Qf4 h6 16. h4 Nce7 17. Rfb1 g5 18.
hxg5 hxg5 19. Nxg5 Ng6 20. Qg4 Rh4 21. Qf3 Rgh8 22.
g3 Rh2 23. Nxf7 R8h7 24. Nd6+ Nxd6 25. exd6 e5 26. dxe5 Nxe5 27. Qf8+ Qd8 28. Qxd8+ Kxd8 29. Bg5+ Kc8 30. f4 Rh1+ 31. Kf2 R7h2+ 32. Ke3 Nc6 33. Rxh1 Rxh1 34. Rxh1 d4+ 35. cxd4 c3 36. Rh8+ Nd8 37.
Rxd8# 1-0

[Event "*** Titled Tuesday Blitz"]
[Site "Chess.com"]
[Date "2020.04.07"]
[Round "2"]
[White "MartinCerveny"]
[Black "davigator"]
[Result "1-0"]
[WhiteElo "2626"]
[BlackElo "2327"]
[TimeControl "180+1"]
[EndTime "13:19:09 PDT"]
[Termination "MartinCerveny won by resignation"]

1. d4 Nf6 2. Nf3 e6 3. g3 b5 4.
Bg2 Bb7 5. O-O Be7 6. Re1 d5 7. Bf4 O-O 8. Nbd2 c5 9. c3 Nbd7 10. h3 a5 11. g4 b4 12. Nf1 Qb6 13. Ng3 Ne4 14. Nxe4 dxe4 15. Nd2 f5 16. e3 cxd4 17. cxd4 Bd5 18. Bf1 Rac8 19. b3 g5 20. Bh2 Nf6 21.
Nc4 Qd8 22. Ne5 Bd6 23. Bc4 Qe7 24. gxf5 exf5 25. Kh1 Kh8 26. Rg1 Rg8 27. Rc1 Rcf8 28. Qe2 Qe6 29. Bxd5 Nxd5 30. Rc6 f4 31. exf4 gxf4 32.
Qxe4 Rxg1+ 33. Kxg1 Ne7 34. Rxd6 Qxd6 35. Bxf4 Qf6 36.
Bg3 Rg8 37. Kh2 Nf5 38. Nd7 Qg6 39. Be5+ Ng7 40. Qh4 h6 41. Nf6 Rf8 42. Ng4 Kh7 43. Nf6+ Kh8 44. Nh5 Rf7 45. Bxg7+ Rxg7 46. Nxg7 Qxg7 47.
Qf4 Qd7 48. Qe5+ Kh7 49. d5 Qf7 50. Kg3 Qg6+ 51. Kf3 Qf7+ 52. Ke3 Qa7+ 53. Qd4 Qe7+ 54. Qe4+ Qxe4+ 55. Kxe4 Kg6 56. Ke5 Kf7 57. Kd6 Ke8 58. Kc7 1-0

[Event "*** Titled Tuesday Blitz"]
[Site "Chess.com"]
[Date "2020.04.07"]
[Round "2"]
[White "Gordima"]
[Black "bazar-wokzal"]
[Result "1/2-1/2"]
[WhiteElo "2804"]
[BlackElo "2545"]
[TimeControl "180+1"]
[EndTime "13:19:10 PDT"]
[Termination "Game drawn by repetition"]

1. d4 Nf6 2. c4 Nc6 3. Nf3 e6 4. g3 Bb4+ 5. Nbd2 a5 6. Bg2 d6 7. O-O e5 8. d5 Nb8 9. a3 Bc5 10. b3 e4 11. Ne1 e3 12. fxe3 Bxe3+ 13. Kh1 Ng4 14. Ne4 f5 15. Bxe3 Nxe3 16. Qd4 Nxf1 17.
Qxg7 Rf8 18. Ng5 Ne3 19. Nxh7 Qe7 20. Qg6+ Qf7 21. Nxf8 Nxg2 22. Nxg2 Kxf8 23. Qg5 Na6 24. Qd8+ Kg7 25. Rf1 Qf6 26. Qe8 Qe5 27. Qd8 b5 28. Nf4 bxc4 29. Qg5+ Kf7 30. Qh5+ Kg8 31. Qg6+ Qg7 32.
Qe8+ Qf8 33. Qg6+ Qg7 34. Qe8+ Qf8 35. Qg6+ Qg7 1/2-1/2

[Event "*** Titled Tuesday Blitz"]
[Site "Chess.com"]
[Date "2020.04.07"]
[Round "2"]
[White "AndrewMaco"]
[Black "Mezioudamina88"]
[Result "1-0"]
[WhiteElo "2633"]
[BlackElo "2096"]
[TimeControl "180+1"]
[EndTime "13:19:10 PDT"]
[Termination "AndrewMaco won on time"]

1. e4 c5 2. Nf3 Nc6 3. Bb5 g6 4. c3 Qa5 5. Qe2 Bg7 6. O-O Nf6 7. d4 cxd4 8. cxd4 O-O 9. Nc3 a6 10. Bd3 d6 11. h3 b5 12. d5 Nb8 13. Be3 e5 14. a3 Nbd7 15. b4 Qd8 16. Nd2 Nh5 17. Nb3 Qe8 18. Na5 Nf4 19. Qd2 f5 20. Bxf4 exf4 21.
exf5 Ne5 22. Nc6 Nxc6 23. dxc6 Bxf5 24. Bxf5 Rxf5 25. Nd5 Bxa1 26. Rxa1 Qe5 27. Rd1 Rc8 28. c7 Rf7 29. Re1 Qg5 30. Qc3 h5 31. Qd4 h4 32.
f3 1-0

[Event "*** Titled Tuesday Blitz"]
[Site "Chess.com"]
[Date "2020.04.07"]
[Round "2"]
[White "steepedgames"]
[Black "artooon"]
[Result "0-1"]
[WhiteElo "2422"]
[BlackElo "2717"]
[TimeControl "180+1"]
[EndTime "13:19:11 PDT"]
[Termination "artooon won by resignation"]

1. d4 Nf6 2. Bg5 d5 3. Nd2 e6 4.
e4 c5 5. e5 h6 6. Bh4 g5 7. Bg3 Nfd7 8. c3 Nc6 9. Ne2 cxd4 10. cxd4 Qb6 11. Nb3 a5 12. a4 Bb4+ 13. Nc3 h5 14. h4 g4 15. Bb5 Na7 16. Be2 Nf8 17.
O-O Bd7 18. Kh2 Ng6 19. Bd3 Be7 20. Bxg6 fxg6 21. Nc5 Bxc5 22. dxc5 Qxc5 23. Qd3 O-O-O 24. Qxg6 Nc6 25. Nb5 d4 26. Rac1 Qd5 27. Rfd1 Kb8 28. Qd3 Be8 29. Qc4 Bg6 30. Nd6 Qxc4 31. Rxc4 Rhf8 32. Rdc1 d3 33. Rxc6 bxc6 34. Rxc6 d2 35. Rb6+ Kc7 36. Ra6 d1=Q 37. Nb5+ Kb7 38. Ra7+ Kb8 39.
Rg7 Be4 40. Nd6 Qe2 41. b3 Rxf2 42. Bxf2 Qxf2 43. Nxe4 Qf4+ 44. Ng3 Rd3 45. Rg8+ Kb7 46. Rg7+ Kb6 0-1

[Event "*** Titled Tuesday Blitz"]
[Site "Chess.com"]
[Date "2020.04.07"]
[Round "2"]
[White "Bathory44"]
[Black "JiangoFett"]
[Result "1-0"]
[WhiteElo "2540"]
[BlackElo "2299"]
[TimeControl "180+1"]
[EndTime "13:19:11 PDT"]
[Termination "Bathory44 won on time"]

1. e4 c5 2. c3 Nf6 3. e5 Nd5 4. d4 cxd4 5. Nf3 Nc6 6. cxd4 d6 7. Bc4 Nb6 8. Bb5 dxe5 9. Nxe5 Bd7 10. Nc3 Nxe5 11.
dxe5 a6 12. Bxd7+ Qxd7 13. Qb3 Qc6 14. O-O e6 15. Be3 Nd5 16. Nxd5 Qxd5 17. Qxd5 exd5 18. Rac1 Rd8 19. Bb6 Rb8 20. Rfd1 Be7 21. Rxd5 O-O 22. Rd7 Bg5 23. Rc4 Rbc8 24. Rxc8 Rxc8 25. g3 h5 26. f4 Rc1+ 27. Kg2 Rc2+ 28. Kh3 Rxb2 29. Bd4 Rxa2 30.
fxg5 b5 31. e6 fxe6 32. Rxg7+ Kf8 33. Rb7 Ra4 34. Bf6 e5 35. g6 1-0

[Event "*** Titled Tuesday Blitz"]
[Site "Chess.com"]
[Date "2020.04.07"]
[Round "2"]
[White "JesseFebruary"]
[Black "Grandmasta23"]
[Result "0-1"]
[WhiteElo "1762"]
[BlackElo "2387"]
[TimeControl "180+1"]
[EndTime "13:19:11 PDT"]
[Termination "Grandmasta23 won by resignation"]

1. e4 c5 2. Nf3 d6 3. d4 cxd4 4. Nxd4 Nf6 5. Nc3 a6 6. Be3 e5 7. Nde2 Nc6 8. g3 Be6 9. Bg2 Be7 10. O-O h5 11. Nd5 Bxd5 12. exd5 Nb8 13. f4 Ng4 14. Qd2 Nd7 15. h3 Nxe3 16. Qxe3 Qc7 17. c3 Bf6 18. fxe5 Nxe5 19. Nd4 O-O-O 20. b4 Rde8 21. b5 Nc4 22. Qf2 Ne3 23. bxa6 Nxf1 24. a7 Kd7 25. Rxf1 Qxc3 26. Qf5+ Ke7 27. Nb5 Qc5+ 28. Kh1 Qxb5 29. Re1+ Kf8 30.
g4 hxg4 31. Qxg4 Rxe1+ 0-1

[Event "*** Titled Tuesday Blitz"]
[Site "Chess.com"]
[Date "2020.04.07"]
[Round "2"]
[White "Dyadya81"]
[Black "kayrakamer"]
[Result "1-0"]
[WhiteElo "2730"]
[BlackElo "2472"]
[TimeControl "180+1"]
[EndTime "13:19:12 PDT"]
[Termination "Dyadya81 won on time"]

1. e4 c5 2. Nc3 d6 3. Nf3 a6 4. d4 cxd4 5. Nxd4 g6 6. h4 h5 7.
Bc4 Bg7 8. Be3 Nf6 9. f3 Nbd7 10. Qd2 b5 11. Bb3 Bb7 12. O-O-O Rc8 13. Kb1 Nc5 14.
Rhe1 b4 15. Nd5 a5 16. Nxf6+ Bxf6 17. Bg5 Bxg5 18. Qxg5 Qc7 19. e5 dxe5 20. Nb5 Qb6 21. Rxe5 O-O 22. Nd4 a4 23. Bc4 b3 24. axb3 axb3 25. cxb3 Nd7 26. Re6 Rxc4 27. Rxb6 Rxd4 28. Rxd4 Nxb6 29. Rb4 1-0

[Event "*** Titled Tuesday Blitz"]
[Site "Chess.com"]
[Date "2020.04.07"]
[Round "2"]
[White "onnoelgersma"]
[Black "AnonymousBread"]
[Result "1-0"]
[WhiteElo "2310"]
[BlackElo "2516"]
[TimeControl "180+1"]
[EndTime "13:19:12 PDT"]
[Termination "onnoelgersma won on time"]

1. e4 e5 2. Nf3 Nc6 3. Bb5 Nge7 4. O-O g6 5. c3 Bg7 6. d4 exd4 7. cxd4 d5 8. e5 O-O 9. Nc3 Bg4 10. Be3 f6 11. exf6 Bxf6 12. Be2 Nf5 13. h3 Bxf3 14. Bxf3 Ncxd4 15. Bxd5+ Kg7 16. Bxd4 Nxd4 17. Bc4 c6 18. Ne4 Qb6 19. Rb1 Rae8 20. Nxf6 Rxf6 21. Qg4 Qc5 22. Rbc1 h5 23. Qh4 Qe5 24. Rce1 Qxe1 25. Rxe1 Rxe1+ 26.
Kh2 c5 27. Qg3 Re7 28. Qg5 b6 29. Qd5 Rfe6 30. f4 a5 31. a4 Nf5 32. Qd8 Re8 33. Qc7+ R8e7 34. Qb8 Re8 35. Qa7+ R8e7 36. Qa6 Rd6 37. Qa8 1-0

[Event "*** Titled Tuesday Blitz"]
[Site "Chess.com"]
[Date "2020.04.07"]
[Round "2"]
[White "DonPreuss"]
[Black "XiaoKangZhong"]
[Result "1-0"]
[WhiteElo "2166"]
[BlackElo "2419"]
[TimeControl "180+1"]
[EndTime "13:19:12 PDT"]
[Termination "DonPreuss won by checkmate"]

1. d4 Nf6 2. Nc3 d5 3. e4 dxe4 4. f3 exf3 5. Nxf3 e6 6. Bd3 Be7 7. O-O b6 8. Qe1 O-O 9. Qh4 Bb7 10. Bg5 h6 11. Bxh6 Re8 12. Bg5 Nbd7 13. Ne5 Nxe5 14. dxe5 Nh5 15. Qxh5 f6 16. Bh7+ Kf8 17. Rad1 Bc5+ 18.
Kh1 Bd5 19. exf6 Bxg2+ 20. Kxg2 Qxd1 21. Nxd1 gxf6 22. Bxf6 Re7 23. Bxe7+ Kxe7 24. Rf7+ Kd6 25. Nc3 Rd8 26. Ne4+ Kc6 27. Nxc5 bxc5 28. Be4+ Kb6 29. Qe5 Rd2+ 30. Kf3 Rd6 31. Qc3 Rd4 32. Qb3+ Rb4 33. Qxe6+ Ka5 34. b3 a6 35. Rxc7 Rb5 36.
Qc4 Rb4 37. Rxc5+ Rb5 38. Rxb5+ axb5 39. b4+ Ka4 40. Qb3# 1-0

[Event "*** Titled Tuesday Blitz"]
[Site "Chess.com"]
[Date "2020.04.07"]
[Round "2"]
[White "ethylalcohol"]
[Black "RojonR"]
[Result "1-0"]
[WhiteElo "2137"]
[BlackElo "2402"]
[TimeControl "180+1"]
[EndTime "13:19:12 PDT"]
[Termination "ethylalcohol won on time"]

1. d4 Nf6 2. Nf3 e6 3. Bf4 d5 4. e3 c5 5. c3 Qb6 6. Qb3 c4 7. Qc2 Nc6 8. Be2 Be7 9. O-O O-O 10.
Nbd2 Nh5 11. Ne5 Qd8 12. Nxc6 bxc6 13. Bxh5 g6 14. Be2 Bf6 15. e4 Bg7 16. e5 c5 17.
Nf3 cxd4 18. cxd4 Rb8 19. Rab1 Qa5 20. a3 Bd7 21. Qd2 Qxd2 22. Bxd2 Rfc8 23. Rfc1 Bf8 24. h3 Rb7 25. Bd1 Rcb8 26. Bc3 Bxa3 27. Ra1 Bxb2 28. Bxb2 Rxb2 29. Rxa7 Bc6 30. Ng5 Bb7 31. Raa1 h6 32. Nf3 Bc6 33. Kf1 R2b4 34. Ke1 Kg7 35. Bc2 Rc8 36.
Rab1 Rb5 37. Kd2 c3+ 38. Kxc3 Rxb1 39. Rxb1 1-0

[Event "*** Titled Tuesday Blitz"]
[Site "Chess.com"]
[Date "2020.04.07"]
[Round "2"]
[White "fugadelafuga"]
[Black "Mizner"]
[Result "0-1"]
[WhiteElo "2304"]
[BlackElo "2552"]
[TimeControl "180+1"]
[EndTime "13:19:13 PDT"]
[Termination "Mizner won on time"]

1. e4 e6 2. d4 d5 3. Nc3 Nf6 4. e5 Nfd7 5. f4 c5 6. Nf3 Nc6 7. Be3 cxd4 8. Nxd4 Qb6 9. Qd2 Qxb2 10. Rb1 Qa3 11.
Ncb5 Qxa2 12. Rb3 Kd8 13. Nd6 Bxd6 14. exd6 Nf6 15. Bd3 Qa1+ 16. Qd1 Qxd1+ 17. Kxd1 Kd7 18. Nxc6 bxc6 19. Bc5 Ne8 20. c4 Nxd6 21. cxd5 exd5 22.
Re1 a5 23. Be2 f5 24. g4 Ba6 25. gxf5 Ne4 26. Bxa6 Nxc5 27. Rbe3 Rxa6 28. Re7+ Kd6 29. Rxg7 a4 30. f6 a3 31. f7 Rf8 32. Re8 Rxf7 33. Rxf7 a2 34. Rf6+ Kc7 35. Re7+ Kb6 0-1